AoeStats
← ME_DEPRIME_JUGAR_CON_USTEDES

Lombardia

508799799Analyzed
4v4 RM · 7d ago on Sep 24, 2026· 29m 32s· 8 players
Game mode
Random Map
Map size
Large (8 player)
Population
200
Speed
Normal
Resources
Standard
Victory
Conquest
Starting age
Dark Age
Ending age
Imperial Age
RankedLock teamsTeams togetherTeam positionsShared explorationLock speedFull tech treeHidden civsTurbo modeCheats
Victory
Defeat
🇨🇳 Danes · China
1572
+14
1532
+16
🇻🇳 Saxons · Vietnam
1518
+17
1511
+17
🇦🇷 Georgians · Argentina
1590
-18
🇦🇷 Maya · Argentina
1583
-18
🇦🇷 Varangians · Argentina
1501
-15
🇦🇷 Lithuanians · Argentina
1469
-13
ME_DEPRIME_JUGAR_CON_USTEDES
11:09 Feudal Age
12:55 Double-Bit Axe
15:43 Castle Age
14:14 Horse Collar
17:25 Wheelbarrow
19:16 Wheelbarrow
19:31 Bow Saw
20:24 Gold Mining
23:28 Husbandry
25:20 Padded Archer Armor
26:13 Bloodlines
30:14 Leather Archer Armor
dentist-44
6:22 Loom
10:57 Feudal Age
14:59 Castle Age
13:35 Double-Bit Axe
13:31 Horse Collar
16:30 Bow Saw
25:44 Wheelbarrow
25:43 Town Watch
27:03 Forging
27:17 Stone Mining
27:47 Scale Mail Armor
29:00 Squires
29:27 Chain Mail Armor
vitroti
11:04 Feudal Age
14:50 Castle Age
12:39 Double-Bit Axe
12:40 Horse Collar
13:12 Double-Bit Axe
16:05 Bow Saw
21:10 Heavy Plow
28:41 Imperial Age
26:52 Wheelbarrow
26:05 Loom
26:22 Gold Mining
26:07 Pikeman
26:48 Squires
26:33 Arson
26:34 Gambesons
26:50 Scale Mail Armor
28:16 Hand Cart
28:19 Chain Mail Armor
28:15 Forging
28:04 Stone Mining
28:48 Halberdier
29:07 Elite Varangian Guard
havnt played for half year
8:08 Loom
10:23 Feudal Age
11:44 Double-Bit Axe
12:07 Horse Collar
12:40 Bloodlines
17:35 Wheelbarrow
20:42 Castle Age
19:12 Gold Mining
19:30 Scale Barding Armor
20:22 Forging
20:43 Light Cavalry
21:23 Husbandry
22:10 Chain Barding Armor
29:32 Bow Saw
__24_Thorfin_Arg
6:47 Loom
9:30 Feudal Age
10:29 Double-Bit Axe
11:56 Bloodlines
20:37 Castle Age
18:28 Horse Collar
18:40 Gold Mining
19:42 Scale Barding Armor
19:47 Forging
22:48 Wheelbarrow
26:13 Town Watch
28:58 Husbandry
__90_Squall_Arg
11:11 Feudal Age
13:16 Loom
16:02 Castle Age
14:05 Double-Bit Axe
25:00 Wheelbarrow
24:19 Town Watch
25:43 Bow Saw
25:14 Horse Collar
26:59 Bloodlines
26:52 Husbandry
27:26 Forging
27:53 Bloodlines
28:41 Scale Barding Armor
__48_Willow_Arg
8:47 Loom
11:00 Feudal Age
15:47 Castle Age
14:27 Double-Bit Axe
14:33 Horse Collar
16:58 Bow Saw
20:58 Wheelbarrow
21:58 Heavy Plow
23:13 Town Watch
25:58 Hand Cart
26:25 Fervor
_29_3ffect_Arg
0:31 Loom
10:15 Feudal Age
10:47 Double-Bit Axe
12:59 Fletching
14:51 Horse Collar
19:20 Gold Mining
21:59 Castle Age
20:23 Gold Mining
21:26 Stone Mining
23:09 Wheelbarrow
22:04 Crossbowman
22:40 Bodkin Arrow
23:36 Bow Saw
25:37 Ballistics
27:43 Town Watch
29:26 Stone Shaft Mining
Connection lost

Rejoining the realm…

Still unreachable

The connection could not be restored.

Session expired

The server has moved on; the page needs a fresh start.